 Dungeon Crawl Stone Soup version 0.29.0-13-gc9e81de378 (webtiles) character file.

Game seed: 4658700661891007724

114 Doot the Stinger (level 4, -7/27 HPs)
             Began as an Octopode Venom Mage on Sept 7, 2022.
             Mangled by a river rat (9 damage)
             ... summoned by Eustachio
             ... on level 4 of the Dungeon.
             The game lasted 00:05:24 (3098 turns).

Doot the Stinger (Octopode Venom Mage)              Turns: 3098, Time: 00:05:25

Health: -7/27      AC:  2    Str:  7    XL:     4   Next: 97%
Magic:  3/7        EV: 13    Int: 19    God:
Gold:   141        SH:  0    Dex: 12    Spells: 3/7 levels left

rFire   . . .      SeeInvis .   u - staff of poison
rCold   . . .      Faith    +   (no shield)
rNeg    . . .      Spirit   .   (helmet restricted)
rPois   +          Reflect  .   d - amulet of faith
rElec   .          Harm     .   f - +1 ring of protection
rCorr   .          Rampage  .   (no ring)
Will    .....                   (no ring)
Stlth   ++++......              (no ring)
HPRegen 0.09/turn               (no ring)
MPRegen 0.10/turn               (no ring)
                                (no ring)
                                (no ring)

@: no status effects
A: almost no armour, amphibious, 8 rings, camouflage 1, gelatinous body 1,
(nimble swimmer 1), tentacles
a: no special abilities


You were on level 4 of the Dungeon.
You visited 1 branch of the dungeon, and saw 4 of its levels.

You collected 171 gold pieces.
You spent 30 gold pieces at shops.

Inventory:

Hand Weapons
 b - a +0 short sword
Magical Staves
 u - a staff of poison (weapon)
Jewellery
 d - an amulet of faith (around mantle)
 f - a +1 ring of protection (left tentacle)
Scrolls
 h - 3 scrolls of teleportation {unknown}
 i - a scroll of immolation {unknown}
 n - a scroll of magic mapping {unknown}
 o - a scroll of vulnerability {unknown}
 q - a scroll of poison {unknown}
 s - a scroll of fear {unknown}
Potions
 a - a potion of magic
 c - a potion of cancellation {unknown}
 e - 3 potions of curing {unknown}
 g - a potion of flight {unknown}
 j - a potion of resistance {unknown}
 k - 2 potions of mutation {unknown}
 l - a potion of might {unknown}
 m - 2 potions of lignification {unknown}
 p - 2 potions of ambrosia {unknown}
 r - a potion of attraction {unknown}
 t - a potion of haste {unknown}


   Skills:
 + Level 0.2 Fighting
 + Level 0.3 Short Blades
 + Level 2.3 Dodging
 + Level 4.4 Stealth
 + Level 2.4 Spellcasting
 + Level 1.9 Transmutations
 + Level 0.1 Air Magic
 + Level 4.7 Poison Magic


You had 3 spell levels left.
You knew the following spells:

 Your Spells              Type           Power      Damage    Failure   Level
a - Sting                 Tmut/Pois      88%        1d7       4%          1
b - Mephitic Cloud        Conj/Pois/Air  12%        N/A       26%         3

Your spell library contained the following spells:

 Spells                   Type           Power      Damage    Failure   Level
 Poisonous Vapours        Pois/Air       34%        N/A       9%          2
 Olgreb's Toxic Radiance  Pois           30%        N/A       24%         4


Dungeon Overview and Level Annotations

Branches:
Dungeon (4/15)
 Temple: D:4-7

Altars:
Dithmenos
Uskayaw

Shops:
D:2 =

Annotations:
D:4 Eustachio


Innate Abilities, Weirdness & Mutations

You cannot wear most types of armour.
You are amphibious.
You can wear up to eight rings at the same time.
Your skin changes colour to match your surroundings (Stealth+).
Your rubbery body absorbs attacks. (AC +1, EV +1)
((You are camouflaged when in or above water. (Stealth+)))
You have tentacles for arms and can constrict up to eight enemies at once.


Message History

Eustachio yells, "Perjured traitor, DIE!"
Eustachio closely misses you.
Casting: Sting (safe; 4% risk of failure)
Confirm with . or Enter, or press ? or * to list all spells.
Aiming: Sting (safe; 4% risk of failure)
Press: ? - help, Shift-Dir - straight line, f/p - Eustachio
Aim: Eustachio, wielding a +0 falchion and wearing a +0 leather armour (lightly wounded, poisoned, 67% to hit)
You feel a surge of power!
The sting hits Eustachio but does no damage.
Eustachio looks even sicker.
Eustachio is lightly wounded.
Eustachio misses you.
Unknown command.
Casting: Sting (safe; 4% risk of failure)
Confirm with . or Enter, or press ? or * to list all spells.
Aiming: Sting (safe; 4% risk of failure)
Press: ? - help, Shift-Dir - straight line, f/p - Eustachio
Aim: Eustachio, wielding a +0 falchion and wearing a +0 leather armour (lightly wounded, very poisoned, 67% to hit)
You feel a surge of power!
The sting hits Eustachio.
Eustachio looks even sicker.
Eustachio is lightly wounded.
Eustachio hits you with a +0 falchion.
Unknown command.
Casting: Sting (safe; 4% risk of failure)
Confirm with . or Enter, or press ? or * to list all spells.
Aiming: Sting (safe; 4% risk of failure)
Press: ? - help, Shift-Dir - straight line, f/p - Eustachio
Aim: Eustachio, wielding a +0 falchion and wearing a +0 leather armour (lightly wounded, very poisoned, 67% to hit)
You feel a surge of power!
The sting misses Eustachio.
Eustachio utters an oath, "I will die for my friends!"
Eustachio hits you with a +0 falchion!
Unknown command.
The iron imp summons a swarm of flies.
Eustachio mumbles some strange words.
The river rat attacks as you move away! The river rat bites you.
The river rat attacks as you move away! The river rat bites you!
* * * LOW HITPOINT WARNING * * *
The river rat attacks as you move away! The river rat closely misses you.
The river rat attacks as you move away! The river rat bites you!
You die...

#..## ....# # #..# #... .
### #.###.# .##...
##.....## ....
#########.......####..?#
..............w...>..#
#######..######...#..#.#.o
##.## ##..$....... #..#
#@###...$.. #.## ##r#
..... ## #. #####..# #...
.###... #....r## ##
...#.## #r##### .....#
#..@##### .##.####
###rr5..# .......#
#####5####### ..†....#
#...55W.##


You could see a river rat (summoned), a dart slug (wandering) and a quokka
(summoned).

Vanquished Creatures
  An orc wizard (D:3)
  3 adders (D:2)
  2 worms
  2 dart slugs
  2 orcs (D:3)
  6 endoplasms
  2 giant cockroaches
  6 goblins
  6 hobgoblins
  5 kobolds
  A quokka (D:4)
  2 ball pythons
  5 bats
  4 frilled lizards
  4 rats
51 creatures vanquished.

Notes
Turn   | Place    | Note
-------+----------+-------------------------------------------
     0 | D:1      | Doot the Octopode Venom Mage began the quest for the Orb.
     0 | D:1      | Reached XP level 1. HP: 11/11 MP: 3/3
   280 | D:1      | Reached XP level 2. HP: 17/17 MP: 3/5
  1002 | D:1      | Reached XP level 3. HP: 21/21 MP: 4/6
  1006 | D:1      | Learned a level 3 spell: Mephitic Cloud
  1320 | D:2      | Found Oluqeh's One-of-a-Kind Rings.
  1326 | D:2      | Bought a +1 ring of protection for 30 gold pieces
  1707 | D:2      | Reached XP level 4. HP: 27/27 MP: 5/7
  2126 | D:2      | Found a faded altar of an unknown god.
  2658 | D:3      | Found a shadowy altar of Dithmenos.
  2680 | D:3      | Found a hide-covered altar of Uskayaw.
  3065 | D:4      | Noticed Eustachio
  3068 | D:4      | Noticed a phantom
  3098 | D:4      | Mangled by a river rat

Illustrated notes

Levels and vault maps discovered:
D:1:      sevenhm_arrival_forest_fort_small_5, layout_loops_ring, serial_forest,
          infiniplex_forest_end_1, infiniplex_forest_end_double,
          infiniplex_forest_lined_room_2, infiniplex_forest_lined_2,
          infiniplex_forest_lined_room_3, infiniplex_forest_zigzag_1,
          infiniplex_forest_lined_room_, nrook_mini_backslash,
          minmay_tetromino_s4
D:2:      layout_loops_ring, chequers_ecumenical_altar_grove,
          nicolae_shop_unique_rings, hangedman_decor_slide_cut,
          chequers_serial_rivers_micro_a
D:3:      layout_basic, nicolae_uskayaw_murder_on_the_dancefloor, zin_academy,
          grunt_dithmenos_smoke_and_mirrors
D:4:      layout_rooms, portal_sewer_entry_e, uniq_eustachio, uniq_grinder,
          uniq_ijyb

Skill      XL: |  1  2  3  4 |
---------------+-------------+-----
Poison Magic   | 4 |  4.7
Stealth        | 3 4 |  4.4
Fighting       | |  0.2
Short Blades   | |  0.3
Dodging        | |  2.3
Spellcasting   | |  2.4
Transmutations | |  1.9
Air Magic      | |  0.1

Action                   |  1- 3 |  4- 6 || total
-------------------------+-------+-------++-------
Melee: Unarmed           |     6 |       ||     6
       Constrict         |     7 |     5 ||    12
       Tentacles         |     4 |     5 ||     9
       Short sword       |    20 |    20 ||    40
 Cast: Sting             |    41 |    25 ||    66
       Mephitic Cloud    |       |     1 ||     1
 Stab: Sleeping          |     9 |     3 ||    12
Armor: Skin              |     7 |     2 ||     9
Dodge: Dodged            |    28 |    10 ||    38
